 Dungeon Crawl Stone Soup version 0.28.0-53-g5a82cb258f (webtiles) character file.

Game seed: 17773174712309837097

352 nickcage the Slasher (level 6, -5/47 HPs)
             Began as a Demonspawn Abyssal Knight on May 24, 2022.
             Was a Follower of Lugonu.
             Splashed by a jelly's acid (8 damage)
             ... on level 4 of the Dungeon.
             The game lasted 00:06:24 (4857 turns).

nickcage the Slasher (Demonspawn Abyssal Knight)    Turns: 4857, Time: 00:06:24

Health: -5/47      AC:  1    Str: 19    XL:     6   Next: 35%
Magic:  7/7        EV: 15    Int: 13    God:    Lugonu [*.....]
Gold:   151        SH:  4    Dex: 18    Spells: 5/5 levels left

rFire   + . .      SeeInvis .   a - +1 falchion
rCold   + . .      Faith    .   l - +0 buckler
rNeg    . . .      Spirit   .   u - +2 ring mail {rPois}
rPois   +          Reflect  .   s - +0 helmet
rElec   .          Harm     .   (no cloak)
rCorr   .          Rampage  .   (no gloves)
Will    .....                   k - +0 pair of boots
Stlth   +.........              (no amulet)
HPRegen 0.15/turn               p - ring "Xifusse" {rF+ rC+ Str+4 Dex+4}
MPRegen 0.10/turn               (no ring)

@: agile, corroded
A: powered by pain 2, big brain 1
a: Renounce Religion, Depart the Abyss


You were on level 4 of the Dungeon.
You worshipped Lugonu.
Lugonu was aware of your devotion.
You visited 1 branch of the dungeon, and saw 4 of its levels.
You visited the Abyss 1 time.

You collected 205 gold pieces.
You spent 54 gold pieces at shops.

Inventory:

Hand Weapons
 a - a +1 falchion (weapon)
Armour
 b - a +0 leather armour
 k - a +0 pair of boots (worn)
 l - a +0 buckler (worn)
 q - a +0 chain mail
 s - a +0 helmet (worn)
 u - a +2 ring mail of poison resistance (worn)
Jewellery
 p - the ring "Xifusse" (left hand) {rF+ rC+ Str+4 Dex+4}
   (You found it on level 3 of the Dungeon)

   [ring of protection from cold]

   Str:       It affects your strength (+4).
   Dex:       It affects your dexterity (+4).
   rF:        It protects you from fire.
   rC:        It protects you from cold.
Scrolls
 h - 5 scrolls of teleportation
 j - 6 scrolls of fear
 m - 2 scrolls of identify
 n - a scroll of immolation {unknown}
 o - 2 scrolls of enchant armour {unknown}
 t - a scroll of blinking {unknown}
 v - a scroll of enchant weapon {unknown}
 w - a scroll of amnesia {unknown}
Potions
 c - a potion of berserk rage
 d - a potion of attraction {unknown}
 e - a potion of curing
 f - a potion of flight {unknown}
 g - a potion of brilliance {unknown}
 i - 3 potions of mutation {unknown}
 r - 2 potions of heal wounds {unknown}


   Skills:
 - Level 3.0 Fighting
 + Level 5.7 Long Blades
 + Level 2.6 Armour
 - Level 0.8 Dodging
 + Level 0.7 Shields
 - Level 2.4 Invocations


You had 5 spell levels left.
You didn't know any spells.
Your spell library was empty.

Dungeon Overview and Level Annotations

Branches:
Dungeon (4/15)             Temple (0/1) D:4

Altars:

Shops:
D:2 *


Innate Abilities, Weirdness & Mutations

You sometimes gain power by taking damage.
You have an unusually large brain. (Int +2)


Message History

You see here a +0 leather armour.
You now have 151 gold pieces (gained 14).
An adder comes into view.
You hit the adder.
The adder is moderately wounded.
The adder closely misses you.
You hit the adder.
The adder is heavily wounded.
The adder bites you. The adder bites you but does no damage.
You slash the adder!
You kill the adder!
Lugonu accepts your kill.
No target in view!
You see here an adder corpse.
A jelly comes into view.
The jelly quivers.
The jelly hits you. The acid corrodes you!
You are splashed with acid!
You hit the jelly but do no damage.
Your hands burn!
The jelly hits you.
You are splashed with acid!
You are too injured to fight recklessly!
You are too injured to fight recklessly!
You hit the jelly. The acid corrodes you!
Your hands burn!
The jelly is lightly wounded.
The jelly hits you.
You are splashed with acid.
* * * LOW HITPOINT WARNING * * *
You see here an adder corpse.
The jelly jiggles.
The jelly hits you.
* * * LOW HITPOINT WARNING * * *
The acid corrodes you!
You are splashed with acid!
* * * LOW HITPOINT WARNING * * *
You focus on the pain.
You feel agile all of a sudden.
Really walk into that dispersal trap?
You enter a dispersal trap!
The jelly blinks! x2; You blink.
You see here a +0 leather armour.
The jelly hits you.
* * * LOW HITPOINT WARNING * * *
You are splashed with acid!
You die...

.......##.......#.###.###
####..# ######.##....##.#.#
#...# ..###.# ####
#.########.#.#####.# #.# #..
...# #.########.#.......###.#
##. ##.#
#.....##....(...)......####.
#.#######.##....#######.........
#...............# #†########
#########.#.....# #.# #...
#.#....@#######+#####...
#.#.####J...............
#####.#.####................
#...........................
#.##...#####.......^........
#.##...# #................
#.##...# #................
####.##...# ##############...
#....).÷..########........##...


You could see a jelly.

Vanquished Creatures
  An ogre (D:4)
  Blork the orc (D:4)
  A centaur zombie (D:3)
  A centaur skeleton (D:3)
  Jessica (D:3)
  5 adders
  An ufetubus (D:4)
  2 worms (D:3)
  2 dart slugs
  An orc (D:3)
  8 endoplasms
  2 giant cockroaches
  3 goblins
  8 hobgoblins
  3 quokkas
  6 ball pythons
  5 bats
  3 frilled lizards
  5 kobolds
  4 rats
63 creatures vanquished.

Notes
Turn   | Place    | Note
-------+----------+-------------------------------------------
     0 | Abyss:1  | nickcage the Demonspawn Abyssal Knight began the quest for
                  | the Orb.
     0 | Abyss:1  | Reached XP level 1. HP: 18/18 MP: 2/2
     0 | D:1      | Escaped the Abyss
    65 | D:1      | Reached skill level 2 in Long Blades
   268 | D:1      | Gained mutation: You have an unusually large brain. (Int
                  | +2) [demonic ancestry]
   268 | D:1      | Reached XP level 2. HP: 22/24 MP: 3/3
   419 | D:1      | Reached * piety under Lugonu
   560 | D:1      | Found a faded altar of an unknown god.
   930 | D:1      | Reached skill level 3 in Long Blades
  1235 | D:1      | Gained mutation: You sometimes gain a little power by
                  | taking damage. [demonic ancestry]
  1235 | D:1      | Reached XP level 3. HP: 25/29 MP: 4/4
  1971 | D:2      | Found Nuishrec's General Store.
  1988 | D:2      | Bought a +0 buckler for 54 gold pieces
  2453 | D:3      | Reached skill level 4 in Long Blades
  2453 | D:3      | Reached XP level 4. HP: 24/35 MP: 5/5
  2955 | D:3      | Identified the ring "Xifusse" {rF+ rC+ Str+4 Dex+4}
  3340 | D:3      | Noticed Jessica
  3350 | D:3      | Killed Jessica
  3351 | D:3      | Reached XP level 5. HP: 16/41 MP: 6/6
  3956 | D:4      | Reached skill level 5 in Long Blades
  4074 | D:4      | Found a staircase to the Ecumenical Temple.
  4232 | D:4      | Noticed an ogre
  4244 | D:4      | Killed an ogre
  4245 | D:4      | Gained mutation: You sometimes gain power by taking damage.
                  | [demonic ancestry]
  4245 | D:4      | Reached XP level 6. HP: 32/47 MP: 7/7
  4357 | D:4      | Noticed Blork the orc
  4366 | D:4      | Killed Blork the orc
  4857 | D:4      | Splashed by a jelly's acid

Illustrated notes

Levels and vault maps discovered:
D:1:      minmay_arrival_four_circles, layout_basic,
          chequers_ecumenical_altar_grove, minmay_split_cup_small
D:2:      layout_basic, serial_shops, nicolae_shop_trees
D:3:      layout_loops_corners, uniq_jessica
D:4:      layout_basic, minmay_temple_entry_drinking_statues, uniq_blork_the_orc

Skill      XL: |  1  2  3  4  5 |
---------------+----------------+-----
Long Blades    | 2 3 4 5 |  5.7
Armour         | 2 |  2.6
Fighting       | |  3.0
Dodging        | |  0.8
Shields        | |  0.7
Invocations    | |  2.4

Action                   |  1- 3 |  4- 6 || total
-------------------------+-------+-------++-------
Melee: Falchion          |    88 |   112 ||   200
       Punch             |     1 |       ||     1
Invok: Depart the Abyss  |     1 |       ||     1
  Use: Scroll            |     4 |       ||     4
 Stab: Sleeping          |     1 |       ||     1
Armor: Leather armour    |    23 |    12 ||    35
       Chain mail        |       |    31 ||    31
       Ring mail         |       |     5 ||     5
Dodge: Dodged            |    45 |    57 ||   102
Block: Buckler           |     1 |    21 ||    22
